 Dungeon Crawl Stone Soup version 0.19.4-8-ga85b6b9 (webtiles) character file.

549 danebombitumenja the Archer (level 7, -2/60 HPs)
             Began as a Centaur Hunter on Feb 11, 2017.
             Killed by nerve-wracking pain
             ... invoked by Grinder
              (9 damage)
             ... while paralysed by Grinder
             ... on level 4 of the Dungeon.
             The game lasted 00:12:28 (4351 turns).

danebombitumenja the Archer (Centaur Hunter)        Turns: 4351, Time: 00:12:29

Health: -2/60      AC:  9    Str: 17    XL:     7   Next: 7%
Magic:  7/7        EV:  1    Int: 10    God:
Gold:   143        SH:  0    Dex:  9    Spells: 0 memorised, 6 levels left

rFire  . . .     SeeInvis .     a - +1 shortbow
rCold  . . .     Gourm    .     B - +0 chain mail
rNeg   . . .     Faith    .     (shield currently unavailable)
rPois  .         Spirit   .     y - +0 helmet
rElec  .         Reflect  .     v - +0 cloak
rCorr  .         Harm     .     (no gloves)
MR     .....                    (no barding)
Stlth  ..........               (no amulet)
                                (no ring)
                                k - ring of loudness (curse)

@: paralysed, very quick
A: hooves 3, deformed body, speed 2, tough skin 3
a: no special abilities


You were on level 4 of the Dungeon.
You were not hungry.

You visited 2 branches of the dungeon, and saw 5 of its levels.

You collected 143 gold pieces.

Inventory:

Hand Weapons
 a - a +1 shortbow (weapon)
 b - a +2 whip of electrocution
Missiles
 d - 23 arrows (quivered)
Armour
 v - a +0 cloak (worn)
 y - a +0 helmet (worn)
 B - a +0 chain mail (worn)
Jewellery
 k - a cursed ring of loudness (left hand)
 r - an uncursed amulet of regeneration {unknown}
Wands
 m - a wand of polymorph (12/24)
Scrolls
 c - 2 scrolls of magic mapping {unknown}
 e - a scroll of fear {unknown}
 g - a scroll of fog {unknown}
 h - 4 scrolls of amnesia
 o - a scroll of random uselessness {unknown}
 w - a scroll of enchant armour {unknown}
 z - a scroll of teleportation {unknown}
Potions
 i - a potion of brilliance {unknown}
 n - 2 potions of heal wounds {unknown}
 p - a potion of lignification {unknown}
 q - 2 potions of agility {unknown}
 s - a potion of flight {unknown}
 t - a potion of curing {unknown}
 u - a potion of resistance {unknown}
 A - a potion of might {unknown}
Comestibles
 f - 2 bread rations
 l - 3 meat rations
 x - 6 chunks of flesh


   Skills:
 + Level 4.3 Fighting
 * Level 9.9 Bows
 - Level 1.3 Dodging
 - Level 0.4 Stealth


You had 6 spell levels left.
You didn't know any spells.

Dungeon Overview and Level Annotations

Branches:
Dungeon (4/15)             Temple (1/1) D:4

Altars:
Ashenzari
Cheibriados
Dithmenos
Fedhas
Hepliaklqana
Kikubaaqudgha
Makhleb
Nemelex Xobeh
Qazlal
Ru
Sif Muna
Uskayaw
Vehumet
Xom
Yredelemnul
Zin

Shops:
D:4 [*

Annotations:
D:4 Grinder


Innate Abilities, Weirdness & Mutations

You have hooves in place of feet.
Armour fits poorly on your strangely shaped body.
You cover ground very quickly.
You have extremely tough skin. (AC +3)


Message History

Press: ? - help, Shift-Dir - straight line, f/p - Grinder
Aim: Grinder (severely wounded)
You shoot an arrow. The arrow closely misses Grinder.
Firing (i - inventory):
d - 25 arrows (quivered)
Press: ? - help, Shift-Dir - straight line, f/p - Grinder
Aim: Grinder (severely wounded)
You shoot an arrow. The arrow closely misses Grinder.
Grinder blinks!
Firing (i - inventory):
d - 24 arrows (quivered)
Press: ? - help, Shift-Dir - straight line, f/p - Grinder
Aim: Grinder (severely wounded)
You shoot an arrow. The arrow hits Grinder.
Grinder is severely wounded.
Grinder gestures at you.
You suddenly lose the ability to move!
Grinder gestures at you.
You struggle to resist.
Grinder gestures at you. Pain shoots through your body!
You die...

▒····▒▒········▒·⌠·⌠·▒▒▒▒▒╬▒
▒·····▒········╬··>··'·····▒·
▒·····▒·······▒▒·⌠·⌠·▒·····▒·
▒·····▒·······▒▒·····▒·····▒·
▒·····▒·······▒▒▒▒╬▒▒▒·····▒·
▒·····▒·······▒············▒·
▒·····▒·······▒▒▒▒'▒▒▒▒▒▒▒▒▒·
▒▒▒▒▒▒▒······················
▒·····@··········(···((
▒······5·············)·
▒·······(··········(((·
▒····▒▒╬▒▒·····▒▒▒'▒▒··
▒▒▒'▒▒···▒·····▒····▒··
▒········▒·····'····▒··
▒········▒·····▒····▒··
▒▒▒▒▒▒▒▒'▒·····▒▒▒▒▒▒··
▒················


You could see Grinder.

Vanquished Creatures
  Menkaure (D:4)
  A gnoll sergeant (D:4)
  A scorpion (D:4)
  A hound (D:4)
  A bullfrog skeleton (D:4)
  An orc wizard (D:3)
  Robin (D:4)
  5 adders
  5 gnolls
  2 oozes (D:1)
  An adder skeleton (D:4)
  5 worms
  2 dart slugs (D:2)
  5 leopard geckos
  3 orcs (D:3)
  5 bats
  7 giant cockroaches
  14 goblins
  10 hobgoblins
  5 jackals
  6 kobolds
  A quokka (D:2)
  A ball python (D:2)
  7 frilled lizards
  A jackal skeleton (D:3)
  A quokka skeleton (D:4)
  6 rats (D:1)
99 creatures vanquished.

Notes
Turn   | Place    | Note
-------+----------+-------------------------------------------
     0 | D:1      | danebombitumenja the Centaur Hunter began the quest for the Orb.
     0 | D:1      | Reached XP level 1. HP: 17/17 MP: 1/1
   378 | D:1      | Reached XP level 2. HP: 22/24 MP: 2/2
   532 | D:1      | Reached skill level 6 in Bows
  1030 | D:1      | Reached XP level 3. HP: 29/29 MP: 3/3
  1545 | D:2      | Reached skill level 7 in Bows
  1805 | D:2      | Reached XP level 4. HP: 36/36 MP: 4/4
  2143 | D:2      | Found a faded altar of an unknown god.
  2742 | D:3      | Found a glowing silver altar of Zin.
  2794 | D:3      | Reached XP level 5. HP: 40/44 MP: 5/5
  2816 | D:3      | Reached skill level 8 in Bows
  3029 | D:3      | Found a shimmering altar of Xom.
  3485 | D:4      | Found Nurph's Antique Armour Shoppe.
  3543 | D:4      | Reached XP level 6. HP: 51/51 MP: 6/6
  3601 | D:4      | Found a staircase to the Ecumenical Temple.
  3607 | Temple   | Entered the Ecumenical Temple
  3896 | D:4      | Noticed Robin
  3920 | D:4      | Killed Robin
  4001 | D:4      | Noticed Menkaure
  4017 | D:4      | Killed Menkaure
  4017 | D:4      | Reached skill level 9 in Bows
  4045 | D:4      | Found Cehil's General Store.
  4168 | D:4      | Reached XP level 7. HP: 52/60 MP: 7/7
  4271 | D:4      | Noticed Grinder
  4292 | D:4      | Paralysed by Grinder for 7 turns
  4306 | D:4      | Paralysed by Grinder for 6 turns
  4315 | D:4      | HP: 3/60 [Grinder/nerve-wracking pain (13)]
  4321 | D:4      | HP: 2/60 [poisoned by an adder]
  4348 | D:4      | Paralysed by Grinder for 3 turns
  4351 | D:4      | Killed from afar by Grinder

Skill      XL: |  1  2  3  4  5  6 |
---------------+-------------------+-----
Bows           | 6 7 8 9 |  9.9
Fighting       | 3 4 |  4.3
Dodging        | |  1.3
Stealth        | |  0.4

Action                   |  1- 3 |  4- 6 |  7- 9 || total
-------------------------+-------+-------+-------++-------
Melee: Short sword       |    57 |       |       ||    57
       Kick              |    21 |    24 |     2 ||    47
       Whip              |    54 |   161 |     8 ||   223
 Fire: Shortbow          |    15 |    37 |    15 ||    67
  Use: Potion            |       |     1 |       ||     1
       Scroll            |       |     1 |       ||     1
  Eat: Chunk             |     2 |     6 |     1 ||     9
Armor: Leather armour    |    11 |       |       ||    11
       Ring mail         |    29 |    53 |       ||    82
       Chain mail        |       |     5 |     7 ||    12
Dodge: Dodged            |    38 |    60 |     2 ||   100
